 Dungeon Crawl Stone Soup version 0.17-a0-1954-g0dddeaa (webtiles) character file.

312 gorblad the Insei (level 6, -1/39 HPs)
             Began as a Gargoyle Monk on Oct 3, 2015.
             Was an Initiate of Ru.
             Slain by a phantom (4 damage)
             ... on level 4 of the Dungeon.
             The game lasted 00:12:35 (2595 turns).

gorblad the Insei (Gargoyle Monk)                   Turns: 2595, Time: 00:12:35

Health: -1/39      AC: 12    Str: 14    XL:     6   Next: 42%
Magic:  5/5        EV: 12    Int: 11    God:    Ru [......]
Gold:   179        SH:  3    Dex: 14    Spells: 0 memorised, 5 levels left

rFire  . . .     SeeInvis .       - Unarmed
rCold  + . .     Clarity  .     f - +3 leather armour
rNeg   + . .     SustAt   .     m - +0 buckler
rPois  ∞         Gourm    .     l - +1 hat
rElec  +         Spirit   .     (no cloak)
rCorr  .         Warding  .     (no gloves)
rMut   .         Stasis   .     o - +0 pair of boots
MR     .....                    e - amulet of faith
Stlth  ++........               d - ring of ice
                                s - ring of protection from fire

@: not resistant to hostile enchantments, unstealthy
A: low mp 1, negative energy resistance 1, electricity resistance, unbreathing,
petrification resistance, rot immunity, AC +4
a: Renounce Religion


You were on level 4 of the Dungeon.
You worshipped Ru.
Ru was noncommittal.
You were not hungry.

You visited 1 branch of the dungeon, and saw 4 of its levels.

You collected 179 gold pieces.

Inventory:

Armour
 a - a +0 robe
 f - a +3 leather armour (worn)
 j - a -2 robe
 l - a +1 hat (worn)
 m - a +0 buckler (worn)
 n - a +1 ring mail of cold resistance
 o - a +0 pair of boots (worn)
Jewellery
 d - a ring of ice (right hand)
 e - an amulet of faith (around neck)
 s - a ring of protection from fire (left hand)
 t - a +3 ring of dexterity {unknown}
Magical devices
 v - a wand of flame (14)
 x - a wand of digging (15)
 y - a wand of slowing (11)
Scrolls
 g - 3 scrolls of remove curse
 r - a scroll of enchant weapon
Potions
 q - a potion of heal wounds {unknown}
Comestibles
 b - 4 bread rations
 i - a beef jerky
 k - 3 meat rations
 p - a slice of pizza
 u - 9 chunks of flesh


   Skills:
 + Level 4.4 Fighting
 + Level 1.6 Armour
 + Level 3.8 Dodging
 + Level 3.1 Stealth
 + Level 0.4 Shields
 + Level 5.2 Unarmed Combat


You had 5 spell levels left.
You didn't know any spells.

Dungeon Overview and Level Annotations

Branches:
Dungeon (4/15)
 Temple: D:4-7

Altars:
Cheibriados
Ru
Vehumet

Annotations:
D:4 Grinder


Innate Abilities, Weirdness & Mutations

You are resistant to torment.
Your stone body is resilient (AC +4).
You are immune to poison.
Your magical capacity is low (-10% MP).
You resist negative energy.
You are resistant to electric shocks.
You can survive without breathing.
You are immune to petrification.
You are immune to rotting.


Message History

Grinder blinks!
Found 11 gold pieces.
You see here a worker ant corpse.
Drink which item? (? for menu, Esc to quit)
Okay, then.
Read which item? (? for menu, Esc to quit)
As you read the scroll of fog, it crumbles to dust.
The scroll dissolves into smoke.
Grinder gestures at you.
You suddenly lose the ability to move!
The phantom hits you but does no damage. x2
Grinder says, "DUCK!"
Grinder barely misses you.
You can move again.
Grinder gestures at you. Pain shoots through your body!
* * * LOW HITPOINT WARNING * * *
The phantom blinks!
The phantom hits you.
You die...

****** ######## ############
*,,,,, ##......###..........#
*,,,,,
*#....................####...,,
#.....................#.....#**
#............................*
#.......<...................#*
#.......<..#...W............#
#.............@.5...........#**
##........##.................,,
#..........##.###....§§......,*
#..........##.###.#.§.......$,*
#..........##..##.#.§........,,
#....[)....###..#.#§.........,,
#...).......###...#####......,,
*##........#.# ##..# *......,,
#.........##.#**#..# **.....^,,


You could see Grinder and a phantom.

Vanquished Creatures
  Sigmund (D:3)
  An orc wizard (D:4)
  A worker ant (D:4)
  A gnoll (D:3)
  2 oozes
  2 worms
  3 orcs (D:4)
  3 ball pythons
  5 bats
  7 giant cockroaches
  10 goblins
  10 hobgoblins
  3 jackals
  3 giant geckos
  3 giant newts
  12 kobolds
  9 rats
76 creatures vanquished.

Notes
Turn   | Place    | Note
--------------------------------------------------------------
     0 | D:1      | gorblad the Gargoyle Monk began the quest for the Orb.
     0 | D:1      | Reached XP level 1. HP: 14/14 MP: 1/1
   274 | D:1      | Reached XP level 2. HP: 13/19 MP: 2/2
   712 | D:1      | Reached XP level 3. HP: 13/23 MP: 3/3
   922 | D:2      | Found a sacrificial altar of Ru.
  1006 | D:2      | Became a worshipper of Ru the Awakened
  1008 | D:2      | Gained mutation: Your magical capacity is low (-10% MP). [Ru sacrifice]
  1744 | D:2      | Reached XP level 4. HP: 29/29 MP: 3/3
  1792 | D:3      | Found a radiant altar of Vehumet.
  1988 | D:3      | Noticed Sigmund
  2007 | D:3      | Killed Sigmund
  2007 | D:3      | Reached skill level 1 in Armour
  2007 | D:3      | Reached skill level 5 in Unarmed Combat
  2007 | D:3      | Reached XP level 5. HP: 27/34 MP: 4/4
  2041 | D:3      | Reached XP level 6. HP: 35/39 MP: 5/5
  2214 | D:3      | Found a snail-covered altar of Cheibriados.
  2546 | D:4      | Noticed Grinder
  2558 | D:4      | Paralysed by Grinder for 5 turns
  2566 | D:4      | Paralysed by Grinder for 7 turns
  2586 | D:4      | Paralysed by Grinder for 4 turns
  2595 | D:4      | Slain by a phantom

Vault maps used:
D:1:      lemuel_arrival_cross, minmay_close_crescents
D:2:      nicolae_ru_sacrificial_ziggurat, minmay_cupped
D:3:      vehumet_altar_wand_db, cheibriados_altar_wand_db, uniq_sigmund
D:4:      first_bread, uniq_grinder, uniq_crazy_yiuf_cottage

Action                   |  1- 3 |  4- 6 || total
-------------------------+-------+-------++-------
Melee: Unarmed           |   153 |   152 ||   305
Invok: Sacrifice Essence |     1 |       ||     1
  Use: Scroll            |     8 |     5 ||    13
       Potion            |       |     3 ||     3
 Stab: Sleeping          |     2 |     5 ||     7
  Eat: Chunk             |     3 |     3 ||     6
